 Dungeon Crawl Stone Soup version 0.27-a0-1431-gcffa5a9b16 (webtiles) character file.

Game seed: 6310433563343274333

6 Sobieck the Stinger (level 1, -1/11 HPs)
             Began as an Octopode Venom Mage on July 2, 2021.
             Slain by a frilled lizard (2 damage)
             ... on level 1 of the Dungeon.
             The game lasted 00:00:54 (264 turns).

Sobieck the Stinger (Octopode Venom Mage)            Turns: 264, Time: 00:00:55

Health: -1/11      AC:  1    Str:  7    XL:     1   Next: 90%
Magic:  1/3        EV: 13    Int: 17    God:
Gold:   0          SH:  0    Dex: 12    Spells: 3/4 levels left

rFire    . . .     SeeInvis .   (no weapon)
rCold    . . .     Faith    .   (no shield)
rNeg     . . .     Spirit   .   (helmet restricted)
rPois    .         Reflect  .   (no amulet)
rElec    .         Harm     .   (no ring)
rCorr    .         Rampage  .   (no ring)
Will     .....                  (no ring)
Stlth    +++.......             (no ring)
HPRegen  0.03/turn              (no ring)
MPRegen  0.08/turn              (no ring)
                                (no ring)
                                (no ring)

@: no status effects
A: almost no armour, amphibious, 8 rings, camouflage 1, gelatinous body 1,
(nimble swimmer 1), tentacles
a: no special abilities


You were on level 1 of the Dungeon.
You visited 1 branch of the dungeon, and saw 1 of its levels.


Innate Abilities, Weirdness & Mutations

You cannot wear most types of armour.
You are amphibious.
You can wear up to eight rings at the same time.
Your skin changes colour to match your surroundings (Stealth+).
Your rubbery body absorbs attacks. (AC +1, EV +1)
((You are camouflaged near water. (Stealth+)))
You have tentacles for arms and can constrict up to eight enemies at once.


   Skills:
 - Level 2.0 Dodging
 - Level 2.6 Stealth
 + Level 2.2 Spellcasting
 - Level 1.0 Transmutations
 + Level 3.9 Poison Magic


You had 3 spell levels left.
You knew the following spells:

 Your Spells              Type           Power      Damage    Failure   Level
a - Sting                 Tmut/Pois      40%        1d5       7%          1

Your spell library contained the following spells:

 Spells                   Type           Power      Damage    Failure   Level
 Poisonous Vapours        Pois/Air       16%        N/A       13%         2
 Ignite Poison            Fire/Tmut/Pois 7%         N/A       28%         3
 Mephitic Cloud           Conj/Pois/Air  6%         N/A       32%         3
 Olgreb's Toxic Radiance  Pois           15%        N/A       36%         4

Inventory:

Hand Weapons
 a - a +0 club {mace}
   (You took it off a goblin on level 1 of the Dungeon)
 c - a +0 dagger {short}
   (You took it off a goblin on level 1 of the Dungeon)
Scrolls
 b - a scroll of teleportation {unknown}

Dungeon Overview and Level Annotations

Branches:
Dungeon (1/15)

Altars:

### ######<######
##### #.......gl@.#
....# #+####'####+#
....###.# #.# #
....##..####l####.#
..................#
...............#....
....####.....#......
##### #.....#######
#.....#


You could see a goblin and a frilled lizard.


Message History

Your hp is fully restored (11).
A goblin comes into view. It is wielding a +0 club.
Really attack while wielding nothing? [Y]es or [N]o only, please.
Really attack while wielding nothing?
Okay, then.
You see here a scroll labelled DULEKIURUPS.
The goblin shouts!
You hear a shout! x2
The sting hits the goblin.
The goblin is poisoned.
You kill the goblin!
A kobold comes into view.
It is wielding a +0 short sword. 😎 MP[-1]
You lost 1 mp, and now have 2/3 mp.
You can't see any susceptible monsters within range! (Use Z to cast anyway.) Unknown command.
A goblin comes into view. It is wielding a +0 dagger.
You can't see any susceptible monsters within range! (Use Z to cast anyway.)
The sting hits the kobold.
The kobold is poisoned.
The goblin shouts!
You hear an angry hiss. x2
You kill the kobold! 😎 MP[-1]
You lost 1 mp, and now have 1/3 mp.
The sting hits the goblin.
The goblin is poisoned. 😎 MP[-1]
You lost 1 mp, and now have 0/3 mp.
You see here a scroll labelled DULEKIURUPS.
b - a scroll labelled DULEKIURUPS The goblin looks more healthy. 😎 MP[+1] Really attack while wielding nothing? [Y]es or [N]o only, please.
Really attack while wielding nothing? [Y]es or [N]o only, please.
Really attack while wielding nothing?
You closely miss the goblin. You grab the goblin. You constrict the goblin.
You kill the goblin!
c - a +0 dagger {short} You start resting.
A frilled lizard comes into view.
You start resting. 😎 MP[+2]
Your mp is fully restored (3).
A ball python comes into view.
A goblin comes into view. It is wielding a +0 dagger.
The sting misses the ball python.
The ball python hisses angrily.
The frilled lizard hisses angrily.
The goblin shouts! 😎 MP[-1]
You lost 1 mp, and now have 2/3 mp.
The sting misses the ball python. 😎 MP[-1]
You lost 1 mp, and now have 1/3 mp.
You miscast Sting.
You are very lightly contaminated with residual magic.
Nothing appears to happen.
The ball python bites you. The ball python barely misses you.
The ball python closely misses you. The ball python grabs you.
The ball python constricts you. 😮 HP[-3] MP[-1]
You take 3 damage, and now have 8/11 hp.
MASSIVE DAMAGE!! (PAUSE)
You lost 1 mp, and now have 0/3 mp.
You escape the ball python's grasp.
Your magical contamination has completely faded away.
The ball python bites you. The ball python grabs you.
The ball python constricts you. 😮 HP[-2]
You take 2 damage, and now have 6/11 hp.
You escape the ball python's grasp. 😮 MP[+1]
Casting: Sting (safe; 7% risk of failure)
Confirm with . or Enter, or press ? or * to list all spells.
Aiming: Sting (safe; 7% risk of failure)
Press: ? - help, Shift-Dir - straight line, f/p - ball python
Aim: a ball python (68% to hit)
The sting misses the ball python.
The ball python bites you.
* * * LOW HITPOINT WARNING * * *
The ball python grabs you.
* * * LOW HITPOINT WARNING * * *
The ball python constricts you. The ball python barely misses you.
* * * LOW HITPOINT WARNING * * *
The ball python constricts you. 😱 HP[-5] MP[-1]
You take 5 damage, and now have 1/11 hp.
MASSIVE DAMAGE!! (PAUSE)
You lost 1 mp, and now have 0/3 mp.
You escape the ball python's grasp.
There is an open door here.
You barely miss the ball python. You grab the ball python.
You constrict the ball python, but do no damage.
The ball python closely misses you. x2
You barely miss the ball python. You squeeze the ball python.
You constrict the ball python.
You kill the ball python! 😱 MP[+1]
You tentacle-slap the frilled lizard but do no damage.
Your grab misses the frilled lizard. Your squeeze misses the frilled lizard.
The frilled lizard bites you.
You die...

Action                   || total
-------------------------++-------
Melee: Unarmed           ||     8
       Constrict         ||     3
       Tentacles         ||     2
 Cast: Sting             ||     8
Armor: Skin              ||     1
Dodge: Dodged            ||     6

Levels and vault maps discovered:
D:1:      minmay_arrival_three_doors, layout_rooms, corexii_hall_statues_t

Notes
Turn   | Place    | Note
-------+----------+-------------------------------------------
     0 | D:1      | Sobieck the Octopode Venom Mage began the quest for the
                  | Orb.
     0 | D:1      | Reached XP level 1. HP: 11/11 MP: 3/3
     0 | D:1      | magus.rc [v1.9.6]
   256 | D:1      | HP: 2/11 [ball python (1)]
   264 | D:1      | Slain by a frilled lizard

Vanquished Creatures
  A ball python (D:1)
  3 goblins (D:1)
  A kobold (D:1)
5 creatures vanquished.

Table legend:
 A = Non-vault XP
 B = Vault XP
 C = Vault XP percentage of total XP
 D = Non-vault monster count
 E = Vault monster count
 F = Vault count percentage of total count
                 A         B        C        D         E       F
            +---------+---------+-------+---------+---------+-------
      Total |       9 |       0 |   0.0 |       5 |       0 |   0.0
            +---------+---------+-------+---------+---------+-------
        D:1 |       9 |       0 |   0.0 |       5 |       0 |   0.0
            +---------+---------+-------+---------+---------+-------

Illustrated notes

Table legend:
 A = Kills in this place as a percentage of kills in entire the game.
 B = Kills by you in this place as a percentage of kills by you in the entire game.
 C = Kills by friends in this place as a percentage of kills by friends in the entire game.
 D = Other kills in this place as a percentage of other kills in the entire game.
 E = Experience gained in this place as a percentage of experience gained in the entire game.
 F = Experience gained in this place divided by the number of levels of this place that you have seen.
                   A       B       C       D       E      F
               +-------+-------+-------+-------+-------+----------------------
         Total | 100.0 | 100.0 |   N/A |   N/A | 100.0 |   9.0
       Dungeon | 100.0 | 100.0 |   N/A |   N/A | 100.0 |   9.0
               +-------+-------+-------+-------+-------+----------------------

Table legend: (Time is in decaauts)
 A = Elapsed time spent in this place.
 B = Non-inter-level travel time spent in this place.
 C = Inter-level travel time spent in this place.
 D = Time resting spent in this place.
 E = Time spent auto-exploring this place.
 F = Levels seen in this place.
 G = Mean time per level.
                   A        B        C        D        E       F      G
               +--------+--------+--------+--------+--------+-----+--------+
         Total |    264 |    264 |      0 |     48 |    150 |   1 |  264.0 |
       Dungeon |    264 |    264 |      0 |     48 |    150 |   1 |  264.0 |
               +--------+--------+--------+--------+--------+-----+--------+

Top non-repeatable levels by time:
     D:1: 264 daAuts
